 Dungeon Crawl Stone Soup version 0.21.0 (webtiles) character file.

42570 Manul the Black Belt (level 13, -4/127 HPs)
             Began as a Troll Monk on Jan 6, 2018.
             Was the Champion of Jiyva.
             Slain by a two-headed ogre
             ... wielding a +0 giant spiked club
              (22 damage)
             ... on level 15 of the Dungeon on Jan 7, 2018.
             The game lasted 00:27:56 (16365 turns).

Manul the Black Belt (Troll Monk)                  Turns: 16365, Time: 00:27:57

Health: -4/127     AC:  7    Str: 16    XL:     13   Next: 86%
Magic:  12/12      EV: 19    Int:  5    God:    Jiyva [******]
Gold:   1033       SH:  0    Dex: 23    Spells: 12/12 levels left

rFire    . . .     SeeInvis +     - Unarmed
rCold    + . .     Gourm    +   (no shield)
rNeg     + . .     Faith    .   a - +0 robe
rPois    +         Spirit   .   (helmet restricted)
rElec    .         Reflect  .   t - +0 cloak of Ysekim {Stlth+} (curse)
rCorr    +         Harm     .   (gloves unavailable)
MR       .....                  (boots unavailable)
Stlth    +++.......             J - amulet of rage
HPRegen  1.11/turn              Q - ring of positive energy
MPRegen  0.13/turn              v - +3 ring of slaying

@: berserk cooldown, slowed, very slow
A: large, unfitting armour, claws 3, molten scales 1, see invisible, cold
resistance 1, fast metabolism 3, gourmand, poison resistance, regeneration 2,
shaggy fur 1, tough skin 2, pseudopods 1
a: Request Jelly, Slimify, Cure Bad Mutation, Renounce Religion, Evoke Berserk
Rage


You were on level 15 of the Dungeon.
You worshipped Jiyva.
Jiyva was exalted by your worship.
You were not hungry.

You visited 3 branches of the dungeon, and saw 22 of its levels.
You visited 1 bazaar.

You collected 1033 gold pieces.

Inventory:

Hand Weapons
 l - a +1 flail of draining
 y - the +7 rapier "Xeacofo" {pierce, +Rage +Fly Int+5 Dex-3}
   (You found it on level 5 of the Dungeon)

   It inflicts extra damage upon your enemies.
   It affects your intelligence (+5).
   It affects your dexterity (-3).
   It lets you fly.
   It lets you go berserk.
Armour
 a - a +0 robe (worn)
 t - the cursed +0 cloak of Ysekim (worn) {Stlth+}
   (You found it on level 5 of the Dungeon)

   It makes you more stealthy.
   It has a curse placed upon it.
 C - a +2 shield of resistance
Jewellery
 c - an uncursed amulet of magic regeneration
 n - an uncursed ring of poison resistance
 q - an uncursed ring of poison resistance
 v - a +3 ring of slaying (right claw)
 G - an uncursed ring of stealth
 J - an amulet of rage (around neck)
 K - an uncursed ring of protection from fire
 M - an uncursed ring of resist corrosion
 Q - a ring of positive energy (left claw)
Wands
 e - a wand of flame (18)
 o - a wand of clouds (6)
 s - a wand of paralysis (17)
 w - a wand of scattershot (4)
 z - a wand of polymorph (16)
 E - a wand of digging (11)
 H - a wand of iceblast (12)
 N - a wand of enslavement (15)
Scrolls
 d - 4 scrolls of teleportation
 g - a scroll of fog
 h - 2 scrolls of remove curse
 j - 8 scrolls of identify
 u - a scroll of magic mapping
 x - 2 scrolls of silence
 A - a scroll of enchant weapon
 B - 3 scrolls of enchant armour {unknown}
 F - a scroll of blinking {unknown}
Potions
 f - 3 potions of agility
 i - 5 potions of haste
 k - 5 potions of curing
 m - a potion of might
 p - a potion of magic
 r - 2 potions of brilliance {unknown}
 I - 2 potions of invisibility {unknown}
Books
 D - a book of Air

   Spells                             Type                      Level
   a - Shock                          Conjuration/Air              1
   b - Swiftness                      Charms/Air                   2
   c - Static Discharge               Conjuration/Air              3
   d - Airstrike                      Air                          4
   e - Lightning Bolt                 Conjuration/Air              5
 P - a book of Power

   Spells                             Type                      Level
   a - Iskenderun's Battlesphere      Conjuration/Charms           5
   b - Venom Bolt                     Conjuration/Poison           5
   c - Bolt of Magma                  Conjuration/Fire/Earth       5
   d - Iron Shot                      Conjuration/Earth            6
   e - Orb of Destruction             Conjuration                  7
   f - Spellforged Servitor           Conjuration/Summoning        7
 R - a book of Cantrips

   Spells                             Type                      Level
   a - Confusing Touch                Hexes                        1
   b - Animate Skeleton               Necromancy                   1
   c - Summon Small Mammal            Summoning                    1
   d - Apportation                    Translocation                1
Miscellaneous
 L - a box of beasts
Comestibles
 b - 31 rations


   Skills:
 + Level 7.7 Fighting
 - Level 0.2 Short Blades
 + Level 10.9 Dodging
 - Level 1.0 Stealth
 * Level 2.9 Shields
 + Level 17.5 Unarmed Combat
 + Level 1.2 Evocations


You had 12 spell levels left.
You didn't know any spells.

Dungeon Overview and Level Annotations

Branches:
Dungeon (15/15)            Temple (1/1) D:7            Lair (6/6) D:8
  Slime (0/5) Lair:6          Orc (0/2) D:9          Vaults (0/5) D:13
  Swamp: Lair:2-4    Shoals: Lair:2-4     Snake: Lair:2-4    Spider: Lair:2-4
 Depths: D:15

Altars:
Ashenzari
Cheibriados
Dithmenos
Elyvilon
Fedhas
Gozag
Hepliaklqana
Kikubaaqudgha
Makhleb
Nemelex Xobeh
Okawaru
Qazlal
Ru
Sif Muna
Trog
Uskayaw
Vehumet
Wu Jian
Xom
Yredelemnul
Zin
The Shining One
Jiyva

Shops:
D:7 *

Annotations:
D:7 exclusion: downstairs


Innate Abilities, Weirdness & Mutations

You are too large for most types of armour.
You have claws for hands.
Your metabolism is lightning-fast.
You like to eat raw meat.
You heal very quickly.
You are covered in fur. (AC +1)
You have very tough skin. (AC +2)
You are partially covered in molten scales. (AC +2)
You have supernaturally acute eyesight. (SInv)
Your flesh is cold resistant. (rC+)
Your system is resistant to poisons. (rPois)
Armour fits poorly on your pseudopods.


Message History

The ogre looks frightened!
The two-headed ogre looks frightened! x3
Cornered, the ogre turns to fight!
You feel sick.
There is an open door here.
You feel sick.
You are no longer poisoned.
The two-headed ogre misses you. x2
The two-headed ogre misses you.
The two-headed ogre hits you with a giant club.
* * * LOW HITPOINT WARNING * * *
There is a stone staircase leading up here.
Okay, then.
Evoke which item? (* to show all) (? for menu, Esc to quit)
Okay, then.
As you read the scroll labeled CUAD ENUDWEU, it crumbles to dust.
It is a scroll of enchant weapon.
Your flail of draining glows red for a moment.
The two-headed ogre seems to regain its courage.
The two-headed ogre hits you with a giant spiked club!!
You die...

..# ........#########.#
........#.......#.#
........#....@..#.#
........#....OO.#.####+##.
.O...(..#.......#.........
........#.....(.#.........
........#.......O.........
.......c#########.........
.......Z)OcOO.......^.....
##############.....#######
#.....#


You could see 3 two-headed ogres.

Vanquished Creatures
  Josephine (Lair:6)
  2 vault guards (D:13)
  Erolcha (D:9)
  A hydra (Lair:1)
  The ghost of Torax the Thaumaturge, a journeyman DgWz (Lair:1)
  3 centaur warriors
  2 two-headed ogres
  The ghost of DasRunzen the Thaumaturge, a novice GnWn of Okawaru (D:9)
  2 tengu warriors
  An ogre mage (D:15)
  The ghost of Leibowitz the Slicer, a novice KoGl of Wu Jian (D:8)
  2 wizards (D:13)
  An unseen horror (D:14)
  2 necromancers (D:13)
  2 deep elf magi (D:13)
  3 ugly things
  A cyclops (D:13)
  A manticore (D:14)
  2 centaur zombies
  An ice statue (D:14)
  A gargoyle (D:12)
  2 kobold demonologists (D:14)
  5 spiny frogs
  3 rime drakes
  A tengu conjurer (D:12)
  4 hornets
  3 meliai (D:15)
  A troll (D:8)
  8 blink frogs
  4 hippogriffs
  A harpy skeleton (D:14)
  4 dream sheep (Lair:6)
  21 yaks
  18 humans
  6 wraiths
  3 wyverns
  3 hogs
  A basilisk (D:8)
  4 vampire mosquitoes (D:12)
  6 water moccasins
  8 porcupines
  4 sky beasts
  5 orc warriors
  An ice beast (D:14)
  3 black bears
  4 phantoms
  3 wolves (Lair:3)
  4 ogres
  6 crocodiles
  3 big kobolds
  33 centaurs
  13 bullfrogs
  3 wyvern skeletons
  4 scorpions
  11 killer bees
  4 wights (D:6)
  7 howler monkeys
  A bullfrog zombie (D:6)
  6 crimson imps
  8 hounds
  2 jellies
  A quasit (D:10)
  3 orc priests
  11 orc wizards
  2 bullfrog skeletons
  A centaur skeleton (D:9)
  2 iguanas (D:4)
  12 worker ants
  A killer bee zombie (D:7)
  3 hound skeletons
  8 gnolls (D:7)
  13 adders
  An ooze (D:3)
  An adder skeleton (D:4)
  2 worms (D:2)
  5 dart slugs
  5 leopard geckos
  26 orcs
  6 giant cockroaches
  5 goblins
  11 hobgoblins
  12 jackals
  16 kobolds
  4 quokkas
  2 ball pythons
  6 bats
  7 frilled lizards
  A leopard gecko skeleton (D:5)
  2 quokka skeletons (D:4)
  7 rats
439 creatures vanquished.

Vanquished Creatures (collateral kills)
  A dream sheep (Lair:6)
  A hippogriff (D:10)
  A yak (D:8)
  A basilisk (D:8)
  A phantom (D:10)
5 creatures vanquished.

Vanquished Creatures (others)
  A deep elf mage (D:12)
  A slime creature (D:12)
  A water moccasin (Lair:6)
  An orc warrior (D:9)
  A sky beast (D:11)
  A centaur (D:13)
  2 bullfrogs (Lair:3)
  A wyvern zombie (D:12)
  2 howler monkeys (D:9)
  16 jellies
  A quasit (D:11)
  An orc priest (D:9)
  2 orc wizards
  An iguana (D:9)
  A worker ant (D:11)
  A hound skeleton (D:9)
  An adder (D:12)
  A leopard gecko (D:8)
  8 orcs
  A bush (D:8)
  6 fungi
  13 plants (D:8)
64 creatures vanquished.

Grand Total: 508 creatures vanquished

Notes
Turn   | Place    | Note
-------+----------+-------------------------------------------
     0 | D:1      | Manul the Troll Monk began the quest for the Orb.
     0 | D:1      | Reached XP level 1. HP: 22/22 MP: 0/0
   167 | D:1      | Reached XP level 2. HP: 25/29 MP: 1/1
   683 | D:2      | Reached XP level 3. HP: 30/36 MP: 2/2
  1024 | D:2      | Found a glowing golden altar of the Shining One.
  1024 | D:2      | Found a radiant altar of Vehumet.
  1308 | D:2      | Reached skill level 4 in Unarmed Combat
  1556 | D:3      | Reached XP level 4. HP: 36/44 MP: 3/3
  1774 | D:3      | Reached XP level 5. HP: 42/52 MP: 4/4
  1970 | D:3      | Found a faded altar of an unknown god.
  2212 | D:3      | Found a stormy altar of Qazlal.
  2219 | D:3      | Found a blossoming altar of Fedhas.
  2602 | D:4      | Reached skill level 5 in Unarmed Combat
  2712 | D:4      | Reached XP level 6. HP: 61/61 MP: 5/5
  3204 | D:5      | Entered Level 5 of the Dungeon
  3221 | D:5      | Reached skill level 6 in Unarmed Combat
  3247 | D:5      | Got a slimy cloak
  3253 | D:5      | Identified the cursed +0 cloak of Ysekim {Stlth+} (You found it on level 5 of the Dungeon)
  3302 | D:5      | Reached XP level 7. HP: 66/67 MP: 6/6
  3546 | D:5      | Reached skill level 7 in Unarmed Combat
  3756 | D:5      | Got a polished rapier
  3757 | D:5      | Identified the +7 rapier "Xeacofo" {pierce, +Rage +Fly Int+5 Dex-3} (You found it on level 5 of the Dungeon)
  3855 | D:5      | Found a sacrificial altar of Ru.
  3969 | D:6      | Reached skill level 8 in Unarmed Combat
  3969 | D:6      | Reached XP level 8. HP: 46/75 MP: 7/7
  4368 | D:6      | Found a glowing silver altar of Zin.
  4378 | D:6      | Reached skill level 5 in Dodging
  4514 | D:7      | Found a staircase to the Ecumenical Temple.
  4524 | D:7      | Reached skill level 9 in Unarmed Combat
  4528 | Temple   | Entered the Ecumenical Temple
  4911 | D:7      | Found Tigoaggu's Assorted Antiques.
  5009 | D:7      | Reached XP level 9. HP: 85/85 MP: 8/8
  5294 | D:7      | Reached skill level 10 in Unarmed Combat
  5651 | D:7      | Found a deep blue altar of Sif Muna.
  6645 | D:8      | Noticed Leibowitz's ghost (novice KoGl)
  6662 | D:8      | Killed Leibowitz's ghost
  6662 | D:8      | Reached skill level 5 in Fighting
  6662 | D:8      | Reached skill level 11 in Unarmed Combat
  6662 | D:8      | Reached XP level 10. HP: 27/96 MP: 9/9
  7006 | D:8      | Found a staircase to the Lair.
  7441 | Lair:1   | Entered Level 1 of the Lair of Beasts
  7442 | Lair:1   | Reached skill level 12 in Unarmed Combat
  7446 | Lair:1   | Gained mutation: You occasionally shout uncontrollably at your foes. [potion of mutation]
  7446 | Lair:1   | Gained mutation: You have a pair of small horns on your head. [potion of mutation]
  7446 | Lair:1   | Gained mutation: Your mind is acute. (Int +2) [potion of mutation]
  7446 | Lair:1   | Gained mutation: Your mind is very acute. (Int +4) [potion of mutation]
  7447 | Lair:1   | Lost mutation: Your mind is very acute. (Int +4) [potion of mutation]
  7447 | Lair:1   | Lost mutation: Your mind is acute. (Int +2) [potion of mutation]
  7447 | Lair:1   | Gained mutation: You sometimes yell uncontrollably at your foes. [potion of mutation]
  7447 | Lair:1   | Lost mutation: You sometimes yell uncontrollably at your foes. [potion of mutation]
  7447 | Lair:1   | Gained mutation: You have large cloven feet. [potion of mutation]
  7447 | Lair:1   | Gained mutation: Your mind is acute. (Int +2) [potion of mutation]
  7448 | Lair:1   | Lost mutation: You occasionally shout uncontrollably at your foes. [potion of mutation]
  7448 | Lair:1   | Lost mutation: Your mind is acute. (Int +2) [potion of mutation]
  7448 | Lair:1   | Lost mutation: You have a pair of small horns on your head. [potion of mutation]
  7448 | Lair:1   | Lost mutation: You have large cloven feet. [potion of mutation]
  7448 | Lair:1   | Gained mutation: Potions are less effective at restoring your health. [potion of mutation]
  7448 | Lair:1   | Gained mutation: Armour fits poorly on your strangely shaped body. [potion of mutation]
  7448 | Lair:1   | Gained mutation: Your flesh is cold resistant. (rC+) [potion of mutation]
  7448 | Lair:1   | Gained mutation: You are partially covered in large bone plates. (SH +4) [potion of mutation]
  7451 | Lair:1   | Noticed a spiny frog
  7465 | Lair:1   | Noticed a seven-headed hydra
  7466 | Lair:1   | Killed a spiny frog
  7927 | Lair:1   | Killed a 13-headed hydra
  7951 | Lair:1   | Noticed Torax's ghost (journeyman DgWz)
  7966 | Lair:1   | Noticed a spiny frog
  7982 | Lair:1   | Killed a spiny frog
  8086 | Lair:1   | Killed Torax's ghost
  8086 | Lair:1   | Reached XP level 11. HP: 47/105 MP: 10/10
  8120 | Lair:1   | Reached skill level 13 in Unarmed Combat
  8380 | Lair:1   | HP: 5/105 [poisoned by a spiny frog]
  8383 | Lair:1   | HP: 2/105 [poisoned by a spiny frog]
  9431 | Lair:5   | Reached skill level 14 in Unarmed Combat
  9502 | Lair:5   | Noticed a death yak
  9513 | Lair:6   | Entered Level 6 of the Lair of Beasts
  9631 | Lair:6   | Found a viscous altar of Jiyva.
  9632 | Lair:6   | Found a staircase to the Slime Pits.
  9640 | Lair:6   | Became a worshipper of Jiyva Jygerraf the Shapeless
  9640 | Lair:6   | Reached * piety under Jiyva
  9640 | Lair:6   | Reached ** piety under Jiyva
  9652 | Lair:6   | Noticed Josephine
  9662 | Lair:6   | Killed Josephine
 10126 | Lair:3   | Reached XP level 12. HP: 115/115 MP: 11/11
 11067 | D:8      | Noticed a two-headed ogre
 11074 | D:8      | Killed a two-headed ogre
 11074 | D:8      | Reached skill level 15 in Unarmed Combat
 11095 | D:8      | Reached *** piety under Jiyva
 11126 | D:8      | Lost mutation: You are partially covered in large bone plates. (SH +4) [Jiyva's grace]
 11508 | D:9      | Noticed DasRunzen's ghost (novice GnWn)
 11719 | D:9      | Noticed Erolcha
 11726 | D:9      | Killed Erolcha
 11749 | D:9      | Lost mutation: Armour fits poorly on your strangely shaped body. [Jiyva's grace]
 11778 | D:9      | Reached **** piety under Jiyva
 11840 | D:9      | Killed DasRunzen's ghost
 11840 | D:9      | Reached skill level 1 in Evocations
 11876 | D:9      | Gained mutation: You are robust. (+10% HP) [Jiyva's grace]
 11933 | D:9      | Found a staircase to the Orcish Mines.
 12300 | D:10     | Entered Level 10 of the Dungeon
 12527 | D:10     | Noticed a seven-headed hydra
 12540 | D:10     | Slimified a nine-headed hydra
 12540 | D:10     | Noticed an azure jelly
 12540 | D:10     | a nine-headed hydra changed into an azure jelly
 12781 | D:10     | Gained mutation: You are covered in slimy tendrils that may disarm your opponents. [Jiyva's grace]
 13084 | D:10     | Reached ***** piety under Jiyva
 13220 | D:11     | Lost mutation: Potions are less effective at restoring your health. [Jiyva's grace]
 13282 | D:11     | Gained mutation: You heal very quickly. [Jiyva's grace]
 13427 | D:11     | Noticed a seven-headed hydra
 13437 | D:11     | Slimified a nine-headed hydra
 13437 | D:11     | a nine-headed hydra changed into a slime creature
 13578 | D:11     | Reached skill level 10 in Dodging
 13579 | D:11     | Gained mutation: Armour fits poorly on your pseudopods. [Jiyva's grace]
 13860 | D:12     | Reached skill level 16 in Unarmed Combat
 13988 | D:12     | Gained mutation: You have supernaturally acute eyesight. (SInv) [Jiyva's grace]
 14128 | D:12     | Reached XP level 13. HP: 129/136 MP: 12/12
 14823 | D:13     | Reached ****** piety under Jiyva
 14877 | D:13     | Gained mutation: You are partially covered in molten scales. (AC +2) [Jiyva's grace]
 15265 | D:13     | Reached skill level 1 in Shields
 15348 | D:13     | Reached skill level 17 in Unarmed Combat
 15365 | D:13     | Found a gate to the Vaults.
 15373 | D:13     | Noticed an azure jelly
 15373 | D:13     | a vault guard changed into an azure jelly
 15374 | D:13     | Gained mutation: Your system is resistant to poisons. (rPois) [Jiyva's grace]
 15421 | D:13     | Lost mutation: You are robust. (+10% HP) [Jiyva's grace]
 15556 | D:13     | Lost mutation: You are covered in slimy tendrils that may disarm your opponents. [Jiyva's grace]
 16200 | D:14     | Found a gateway to a bazaar.
 16212 | Bazaar   | Entered a bazaar
 16221 | Bazaar   | Found Ririsepp's Book Shop.
 16221 | Bazaar   | Found Bisynledi's Jewellery Boutique.
 16301 | D:15     | Entered Level 15 of the Dungeon
 16365 | D:15     | Slain by a two-headed ogre

Skill      XL: |  1  2  3  4  5  6  7  8  9 10 11 12 13 |
---------------+----------------------------------------+-----
Dodging        | 3 4 5 7 8 10 | 10.9
Unarmed Combat | 4 5 6 8 9 11 12 14 16 17 | 17.5
Fighting       | 3 4 5 6 7 |  7.7
Evocations     | 1 |  1.2
Shields        | 2 |  2.9
Short Blades   | |  0.2
Stealth        | |  1.0

Action                   |  1- 3 |  4- 6 |  7- 9 | 10-12 | 13-15 || total
-------------------------+-------+-------+-------+-------+-------++-------
Melee: Unarmed           |   128 |   130 |   259 |   600 |   239 ||  1356
       Punch             |     3 |     7 |    14 |    48 |    27 ||    99
       Rapier            |       |       |    31 |       |       ||    31
       Pseudopods        |       |       |       |    18 |    62 ||    80
Invok: Slimify           |       |       |       |     2 |     1 ||     3
 Abil: Evoke Berserk Rag |       |       |       |       |     1 ||     1
Evoke: Box of beasts     |       |       |       |     3 |       ||     3
       Wand              |       |       |       |     3 |       ||     3
  Use: Potion            |       |     2 |     3 |     8 |     1 ||    14
       Scroll            |       |     5 |       |    13 |     5 ||    23
 Stab: Sleeping          |     4 |     5 |     8 |    13 |     6 ||    36
       Paralysed         |       |       |       |     8 |       ||     8
       Distracted        |       |       |       |     4 |     1 ||     5
  Eat: Chunk             |    12 |    16 |    30 |    49 |     4 ||   111
       Ration            |     1 |       |       |     2 |       ||     3
Armor: Robe              |    57 |    44 |    77 |    97 |    39 ||   314
       Skin              |       |       |     2 |       |       ||     2
Dodge: Dodged            |    92 |    61 |   193 |   396 |   212 ||   954
Block: Other             |       |       |       |    42 |       ||    42
